 Dungeon Crawl Stone Soup version 0.22-a0-558-gc224181 (webtiles) character file.

294 Amnesiac the Vexing (level 6, -5/41 HPs)
             Began as a Mummy Enchanter on June 27, 2018.
             Blown up by Pikel (19 damage)
             ... with a wand of disintegration (8)
             ... on level 4 of the Dungeon.
             The game lasted 00:10:52 (4182 turns).

Amnesiac the Vexing (Mummy Enchanter)               Turns: 4182, Time: 00:10:52

Health: -5/41      AC:  3    Str: 11    XL:     6   Next: 11%
Magic:  7/13       EV: 12    Int: 16    God:
Gold:   255        SH:  0    Dex: 13    Spells: 7/14 levels left

rFire    x . .     SeeInvis .   e - +0 hunting sling
rCold    + . .     Gourm    .   (no shield)
rNeg     + + +     Faith    .   b - +0 robe
rPois    ∞         Spirit   .   (no helmet)
rElec    .         Reflect  .   (no cloak)
rCorr    .         Harm     .   c - +0 pair of gloves
MR       .....                  (no boots)
Stlth    ++........             (no amulet)
HPRegen  0.13/turn              (no ring)
MPRegen  0.13/turn              (no ring)

@: no status effects
A: no food or potions, fire vulnerability, cold resistance 1, negative energy
resistance 3, torment resistance, unbreathing
a: no special abilities


You were on level 4 of the Dungeon.
You were not hungry.

You visited 1 branch of the dungeon, and saw 4 of its levels.

You collected 255 gold pieces.

Inventory:

Hand Weapons
 a - a +1 dagger
 e - a +0 hunting sling (weapon)
Missiles
 d - 13 stones (quivered)
 j - 27 sling bullets
Armour
 b - a +0 robe (worn)
 c - a +0 pair of gloves (worn)
Jewellery
 k - an uncursed ring of resist corrosion {unknown}
Scrolls
 f - 2 scrolls of identify {!r}
 g - 2 scrolls of teleportation {!r}
 h - 3 scrolls of blinking {!r}
 i - 4 scrolls of enchant weapon {!r}
 l - a scroll of immolation {!r}
 m - a scroll of amnesia {!r}


   Skills:
 - Level 0.7 Short Blades
 - Level 1.5 Dodging
 - Level 2.4 Stealth
 + Level 4.9 Spellcasting
 * Level 5.4 Hexes


You had 7 spell levels left.
You knew the following spells:

 Your Spells              Type           Power        Failure   Level  Hunger
a - Corona                Hex            ###....      1%          1    N/A
e - Confuse               Hex            ###.....     4%          3    N/A
w - Tukima's Dance        Hex            ###.....     4%          3    N/A

Your spell library contained the following spells:

 Spells                   Type           Power        Failure   Level  Hunger
 Ensorcelled Hibernation  Hex/Ice        ##....       8%          2    N/A
 Dazzling Spray           Conj/Hex       ##....       16%         3    N/A

Dungeon Overview and Level Annotations

Branches:
Dungeon (4/15)
 Temple: D:4-7

Altars:
Ashenzari
Hepliaklqana
Beogh

Shops:
D:4 [

Annotations:
D:3 3 runed doors, kae's ghost, amateur DsTm
D:4 Pikel


Innate Abilities, Weirdness & Mutations

You do not eat or drink.
Your flesh is vulnerable to fire.
You are immune to poison.
Your flesh is cold resistant. (rC+)
You are immune to negative energy. (rN+++)
You are immune to unholy pain and torment.
You can survive without breathing.


Message History

You shoot a stone. The stone hits Pikel.
Pikel is moderately wounded.
Firing (i - inventory. (/) - cycle)
d - 22 stones (quivered)
Press: ? - help, Shift-Dir - straight line, f/p - Pikel
Aim: Pikel, wearing a robe and carrying a wand of disintegration (9) (moderately wounded, confused)
You shoot a stone.
The stone hits Pikel but does no damage.
Pikel is moderately wounded.
Firing (i - inventory. (/) - cycle)
d - 21 stones (quivered)
Press: ? - help, Shift-Dir - straight line, f/p - Pikel
Aim: Pikel, wearing a robe and carrying a wand of disintegration (9) (moderately wounded, confused)
You shoot a stone. The stone hits Pikel.
Pikel is moderately wounded.
You see here a whip of freezing.
Firing (i - inventory. (/) - cycle)
d - 20 stones (quivered)
Press: ? - help, Shift-Dir - straight line, f/p - Pikel
Aim: Pikel, wearing a robe and carrying a wand of disintegration (9) (moderately wounded, confused)
You shoot a stone. The stone barely misses Pikel.
Pikel seems less confused.
Firing (i - inventory. (/) - cycle)
d - 19 stones (quivered)
Press: ? - help, Shift-Dir - straight line, f/p - Pikel
Aim: Pikel, wearing a robe and carrying a wand of disintegration (9) (moderately wounded)
You shoot a stone. The stone hits Pikel.
Pikel is moderately wounded.
Firing (i - inventory. (/) - cycle)
d - 18 stones (quivered)
Press: ? - help, Shift-Dir - straight line, f/p - Pikel
Aim: Pikel, wearing a robe and carrying a wand of disintegration (9) (moderately wounded)
You shoot a stone. The stone misses Pikel.
Pikel barely misses you.
Firing (i - inventory. (/) - cycle)
d - 17 stones (quivered)
Press: ? - help, Shift-Dir - straight line, f/p - Pikel
Aim: Pikel, wearing a robe and carrying a wand of disintegration (9) (moderately wounded)
You shoot a stone. The stone closely misses Pikel.
Pikel zaps a wand.
You are blasted!
Firing (i - inventory. (/) - cycle)
d - 16 stones (quivered)
Press: ? - help, Shift-Dir - straight line, f/p - Pikel
Aim: Pikel, wearing a robe and carrying a wand of disintegration (8) (moderately wounded)
You shoot a stone.
The stone hits Pikel but does no damage.
Pikel is moderately wounded.
Pikel hits you.
* * * LOW HITPOINT WARNING * * *
Firing (i - inventory. (/) - cycle)
d - 15 stones (quivered)
Press: ? - help, Shift-Dir - straight line, f/p - Pikel
Aim: Pikel, wearing a robe and carrying a wand of disintegration (8) (moderately wounded)
You shoot a stone. The stone hits Pikel.
Pikel is heavily wounded.
Pikel hits you but does no damage.
Firing (i - inventory. (/) - cycle)
d - 14 stones (quivered)
Press: ? - help, Shift-Dir - straight line, f/p - Pikel
Aim: Pikel, wearing a robe and carrying a wand of disintegration (8) (moderately wounded)
You shoot a stone.
The stone hits Pikel but does no damage.
Pikel is moderately wounded.
Pikel hits you.
* * * LOW HITPOINT WARNING * * *
Pikel hits you.
* * * LOW HITPOINT WARNING * * *
Unknown command.
Casting: Confuse (safe; 4% risk of failure)
Confirm with . or Enter, or press ? or * to list all spells.
Aiming: Confuse (safe; 4% risk of failure)
Press: ? - help, Shift-Dir - straight line, f/p - Pikel
Aim: Pikel, wearing a robe and carrying a wand of disintegration (8) (moderately wounded, chance to defeat MR: 50%) Pikel resists with significant effort.
Pikel zaps a wand.
You are blasted!
You die...

..>...#.##.# ###
......#(##.#... .
........##.#.###.
...............(.#
.........>.####.###
####............((
#...............(..
##
#.....#'#.<####K##.#
.#
#.....#∩#.(####@##.#
.#
#.....#'#....(.....#
.#
#........(....####.#
.# #.........###(#
#.# .# ###########
#.# #.###.#
####.####.....#
#<........#####
################.#
#(............##.#


You could see Pikel.

Vanquished Creatures
  A scorpion (D:2)
  A bullfrog skeleton (D:4)
  2 worker ants
  A gnoll (D:1)
  5 adders
  An ooze (D:1)
  3 worms (D:2)
  5 dart slugs
  2 leopard geckos (D:2)
  8 orcs
  3 giant cockroaches
  10 goblins
  10 hobgoblins
  6 jackals
  3 quokkas
  7 bats
  3 frilled lizards
  8 kobolds
  2 leopard gecko skeletons (D:4)
  4 rats
85 creatures vanquished.

Vanquished Creatures (others)
  A dancing weapon (D:4)
1 creature vanquished.

Grand Total: 86 creatures vanquished

Notes
Turn   | Place    | Note
-------+----------+-------------------------------------------
     0 | D:1      | Amnesiac the Mummy Enchanter began the quest for the Orb.
     0 | D:1      | Reached XP level 1. HP: 13/13 MP: 4/4
    99 | D:1      | Reached skill level 3 in Hexes
   233 | D:1      | Reached XP level 2. HP: 18/19 MP: 4/6
   579 | D:2      | Reached XP level 3. HP: 24/24 MP: 4/7
   584 | D:2      | Learned a level 3 spell: Confuse
   805 | D:1      | Learned a level 3 spell: Tukima's Dance
  1518 | D:2      | Reached skill level 4 in Hexes
  1557 | D:2      | Reached XP level 4. HP: 30/30 MP: 6/9
  2057 | D:2      | Reached XP level 5. HP: 35/35 MP: 6/11
  2493 | D:3      | Found a hazy altar of Hepliaklqana.
  2499 | D:3      | Found a shattered altar of Ashenzari.
  3144 | D:3      | Reached skill level 5 in Hexes
  3173 | D:3      | Found a runed gate.
  3173 | D:3      | Found a runed gate.
  3176 | D:3      | Found a runed gate.
  3178 | D:3      | Noticed kae's ghost (amateur DsTm)
  3404 | D:3      | Found a roughly hewn altar of Beogh.
  3475 | D:4      | Found Beicsit's Antique Armour Shoppe.
  3550 | D:4      | Noticed Pikel
  3692 | D:4      | Got an opal-encrusted chain mail
  3717 | D:3      | Identified the cursed +0 chain mail of the Kettle-Drum {rN+ Regen+} (You found it on level 4 of the Dungeon)
  3946 | D:4      | Reached XP level 6. HP: 34/41 MP: 9/13
  4182 | D:4      | Blown up by Pikel

Vault maps used:
D:1:      ebering_trefoil_twist, serial_forest, infiniplex_forest_corner_1,
          infiniplex_forest_zigzag_1, infiniplex_forest_clump_small,
          infiniplex_forest_lined_3, infiniplex_forest_straight_5,
          infiniplex_forest_lined_3, infiniplex_forest_straight_2, minmay_tall_x
D:3:      minitemple, biasface_ghost_orc_armoury, minmay_misc_feat_rows,
          guppyfry_early_orc_mine
D:4:      lemuel_coloured_pillars_altar, first_ration, serial_shops,
          kennysheep_mini_moat, uniq_edmund, uniq_pikel

Skill      XL: |  1  2  3  4  5 |
---------------+----------------+-----
Hexes          | 3 4 5 |  5.4
Spellcasting   | 3 4 |  4.9
Short Blades   | |  0.7
Dodging        | |  1.5
Stealth        | |  2.4

Action                   |  1- 3 |  4- 6 || total
-------------------------+-------+-------++-------
Melee: Dagger            |    15 |       ||    15
 Fire: Hunting sling     |    96 |   317 ||   413
 Cast: Corona            |    17 |       ||    17
       Confuse           |     9 |    27 ||    36
       Tukima's Dance    |       |     3 ||     3
  Use: Scroll            |       |     7 ||     7
Armor: Robe              |     6 |    26 ||    32
Dodge: Dodged            |    39 |    86 ||   125

Table legend:
 A = Spawn XP
 B = Non-spawn XP
 C = Spawn XP percentage of total XP
 D = Spawn monster count
 E = Non-spawn monster count
 F = Spawn count percentage of total count
 G = Total turns spent on level
                    A         B        C        D         E        F      G
               +---------+---------+-------+---------+---------+-------+---------
         Total |       0 |     421 |   0.0 |       0 |      85 |   0.0 |  4182
               +---------+---------+-------+---------+---------+-------+---------
           D:1 |       0 |      45 |   0.0 |       0 |      16 |   0.0 |  1239
           D:2 |       0 |     174 |   0.0 |       0 |      30 |   0.0 |  1180
           D:3 |       0 |     115 |   0.0 |       0 |      31 |   0.0 |  1400
           D:4 |       0 |      87 |   0.0 |       0 |       8 |   0.0 |   363
               +---------+---------+-------+---------+---------+-------+---------
